 Dungeon Crawl Stone Soup version 0.26-a0-317-ge2f3d4a7ca (webtiles) character file.

Game seed: 8082527545331600446

143 BeastOfSaturn the Magician (level 5, -2/36 HPs)
             Began as a Demonspawn Hedge Wizard on July 16, 2020.
             Slain by an orc
             ... wielding a +0 whip
              (7 damage)
             ... on level 3 of the Dungeon.
             The game lasted 00:15:19 (3334 turns).

BeastOfSaturn the Magician (DsWz)                   Turns: 3334, Time: 00:15:19

Health: -2/36      AC:  3    Str: 10    XL:     5   Next: 4%
Magic:  8/12       EV: 12    Int: 17    God:
Gold:   146        SH:  5    Dex: 12    Spells: 7/13 levels left

rFire    . . .     SeeInvis .   j - +0 rapier
rCold    . . .     Faith    .   (no shield)
rNeg     . . .     Spirit   .   b - +0 robe
rPois    .         Reflect  +   c - +0 hat
rElec    .         Harm     .   (no cloak)
rCorr    .                      (no gloves)
MR       .....                  (no boots)
Stlth    ++........             g - amulet of reflection
HPRegen  0.12/turn              (no ring)
MPRegen  0.13/turn              (no ring)

@: no status effects
A: antennae 2, rugged brown scales 1
a: no special abilities


You were on level 3 of the Dungeon.
You visited 1 branch of the dungeon, and saw 3 of its levels.

You collected 146 gold pieces.

Inventory:

Hand Weapons
 a - a +0 dagger
 f - a +0 short sword
 j - a +0 rapier (weapon)
Armour
 b - a +0 robe (worn)
 c - a +0 hat (worn)
Jewellery
 g - an amulet of reflection (around neck)
Scrolls
 d - a scroll of remove curse {unknown}
 e - a scroll of blinking {unknown}
 k - a scroll of enchant armour {unknown}
Potions
 h - a potion of flight {unknown}
 i - a potion of might {unknown}


   Skills:
 - Level 2.0 Dodging
 - Level 1.7 Stealth
 * Level 4.8 Spellcasting
 * Level 2.3 Conjurations
 - Level 1.0 Summonings
   Level 0.8 Translocations
 * Level 0.7 Air Magic


You had 7 spell levels left.
You knew the following spells:

 Your Spells              Type           Power        Failure   Level
a - Magic Dart            Conj           ##..         5%          1
b - Call Imp              Summ           #.......     14%         2
c - Mephitic Cloud        Conj/Pois/Air  #.......     28%         3

Your spell library contained the following spells:

 Spells                   Type           Power        Failure   Level
 Blink                    Tloc           N/A          16%         2
 Slow                     Hex            #.......     22%         2
 Conjure Flame            Conj/Fire      #.......     26%         3


Dungeon Overview and Level Annotations

Branches:
Dungeon (3/15)

Altars:
Wu Jian


Innate Abilities, Weirdness & Mutations

You have a pair of antennae on your head.
You are partially covered in rugged brown scales. (AC +1, +3% HP)


Message History

The orc is almost dead.
Your crimson imp barely misses the orc.
The orc hits you with a +0 whip.
Something closely misses your crimson imp.
The orc hits your shadow imp but does no damage.
The orc barely misses your shadow imp.
You closely miss the orc.
The orc is almost dead.
Your crimson imp blinks!
You block the orc's attack. The orc hits your shadow imp.
The orc hits you with a +0 flail.
Your shadow imp hits the orc but does no damage.
You hit the orc.
You kill the orc!
Your crimson imp disappears in a puff of smoke!
The orc barely misses you. The orc barely misses your shadow imp.
The orc priest mumbles some strange prayers to Beogh against you.
Pain shoots through your body!
* * * LOW HITPOINT WARNING * * *
Your shadow imp hits the orc.
The orc hits you with a +0 whip!
You die...

...≈≈≈≈≈≈≈≈≈≈≈≈≈.#
.....≈≈≈≈≈≈≈≈≈≈..#......
.......≈≈≈≈≈≈..........#
........≈≈≈...........####
........≈≈...............
.........≈.............##
.........≈)......o.....[#
###########§#####)o...#
#....o@5(...#
#############


You could see an orc priest, 2 orcs and a friendly shadow imp (summoned).

Vanquished Creatures
  5 adders (D:2)
  3 oozes
  A dart slug (D:2)
  4 leopard geckos
  3 orcs (D:3)
  A ball python (D:2)
  4 bats
  4 giant cockroaches
  7 goblins
  14 hobgoblins
  5 jackals (D:2)
  5 kobolds
  3 frilled lizards (D:2)
  7 rats
66 creatures vanquished.

Vanquished Creatures (collateral kills)
  A worm (D:2)
  2 giant cockroaches (D:1)
  3 jackals
  A kobold (D:3)
  A frilled lizard (D:1)
  A rat (D:2)
9 creatures vanquished.

Grand Total: 75 creatures vanquished

Notes
Turn   | Place    | Note
-------+----------+-------------------------------------------
     0 | D:1      | BeastOfSaturn the Demonspawn Hedge Wizard began the quest
                  | for the Orb.
     0 | D:1      | Reached XP level 1. HP: 13/13 MP: 4/4
   250 | D:1      | Gained mutation: You are partially covered in rugged brown
                  | scales. (AC +1, +3% HP) [demonic ancestry]
   250 | D:1      | Reached XP level 2. HP: 13/19 MP: 0/6
   353 | D:1      | Learned a level 2 spell: Call Imp
   892 | D:1      | Gained mutation: You have a pair of small antennae on your
                  | head. [demonic ancestry]
   892 | D:1      | Reached XP level 3. HP: 19/24 MP: 2/8
   897 | D:1      | Learned a level 3 spell: Mephitic Cloud
  1190 | D:1      | Reached skill level 4 in Spellcasting
  2040 | D:2      | Found an ornate altar of the Wu Jian Council.
  2054 | D:2      | Reached XP level 4. HP: 19/30 MP: 0/10
  2800 | D:2      | Found a faded altar of an unknown god.
  3316 | D:3      | Gained mutation: You have a pair of antennae on your head.
                  | [demonic ancestry]
  3316 | D:3      | Reached XP level 5. HP: 31/36 MP: 12/12
  3334 | D:3      | Slain by an orc

Illustrated notes

Levels and vault maps discovered:
D:1:      dpeg_arrival_simpleton_c, layout_loops_corners, serial_glass,
          glass_columns_b, glass_columns_a, glass_columns_a, glass_columns_a,
          glass_columns_a, glass_columns_c, glass_columns_c, glass_columns_b,
          glass_columns_b, glass_columns_b, glass_columns_a, glass_columns_c,
          glass_columns_b, glass_columns_a
D:2:      layout_loops_ring, nicolae_overflow_crystal_walls,
          chequers_ecumenical_altar_simple_redux
D:3:      layout_rooms, zin_treasury, lemuel_old_faithful

Skill      XL: |  1  2  3  4 |
---------------+-------------+-----
Dodging        | 2 |  2.0
Spellcasting   | 4 |  4.8
Conjurations   | 2 |  2.3
Stealth        | |  1.7
Summonings     | |  1.0
Translocations | |  0.8
Air Magic      | |  0.7

Action                   |  1- 3 |  4- 6 || total
-------------------------+-------+-------++-------
Melee: Dagger            |    59 |       ||    59
       Short sword       |    26 |    27 ||    53
       Rapier            |       |    58 ||    58
 Cast: Magic Dart        |    71 |    39 ||   110
       Call Imp          |     6 |     7 ||    13
 Stab: Sleeping          |     1 |     1 ||     2
Armor: Robe              |    20 |    17 ||    37
Dodge: Dodged            |    49 |    71 ||   120
Block: Other             |       |    28 ||    28

Table legend:
 A = Non-vault XP
 B = Vault XP
 C = Vault XP percentage of total XP
 D = Non-vault monster count
 E = Vault monster count
 F = Vault count percentage of total count
                 A         B        C        D         E       F
            +---------+---------+-------+---------+---------+-------
      Total |     205 |       0 |   0.0 |      75 |       0 |   0.0
            +---------+---------+-------+---------+---------+-------
        D:1 |      70 |       0 |   0.0 |      34 |       0 |   0.0
        D:2 |     115 |       0 |   0.0 |      33 |       0 |   0.0
        D:3 |      20 |       0 |   0.0 |       8 |       0 |   0.0
            +---------+---------+-------+---------+---------+-------
